 Dungeon Crawl Stone Soup version 0.28.0-43-g3370ac3207 (webtiles) character file.

Game seed: 14633989322606876819

1917 CryoSword the Insei (level 8, 0/67 HPs)
             Began as a Black Draconian Transmuter on Mar 26, 2022.
             Slain by a sky beast (6 damage)
             ... on level 5 of the Dungeon.
             The game lasted 00:09:25 (6963 turns).

CryoSword the Insei (Black Draconian Transmuter)    Turns: 6963, Time: 00:09:25

Health: 0/67       AC:  2    Str: 12    XL:     8   Next: 95%
Magic:  9/12       EV: 19    Int: 16    God:
Gold:   251        SH:  0    Dex: 17    Spells: 4/13 levels left

rFire   . . .      SeeInvis .     - Unarmed
rCold   . . .      Faith    .   (shield currently unavailable)
rNeg    . . .      Spirit   .   (armour unavailable)
rPois   x          Reflect  .   (helmet currently unavailable)
rElec   .          Harm     .   (cloak currently unavailable)
rCorr   +          Rampage  .   (gloves currently unavailable)
Will    .....                   (boots currently unavailable)
Stlth   +++.......              (no amulet)
HPRegen 0.21/turn               o - ring of resist corrosion
MPRegen 0.13/turn               (no ring)

@: spider-form
A: venomous fangs, (breathe lightning), AC +6, tiny, unfitting armour,
(electricity resistance), (cold-blooded)
a: End Transformation


You were on level 5 of the Dungeon.
You were a venomous arachnid creature.
You visited 1 branch of the dungeon, and saw 6 of its levels.

You collected 251 gold pieces.

Inventory:

Missiles
 f - 13 poisoned darts (quivered)
 q - 2 boomerangs
Jewellery
 o - a ring of resist corrosion (left front leg)
   (You found it on level 5 of the Dungeon)
Scrolls
 a - a scroll of amnesia {unknown}
 d - a scroll of acquirement {unknown}
 e - a scroll of fog {unknown}
 g - a scroll of magic mapping {unknown}
 h - a scroll of teleportation {@r4}
 i - a scroll of noise {unknown}
 j - 2 scrolls of identify {unknown}
 p - 2 scrolls of enchant armour {unknown}
Potions
 b - 2 potions of resistance {unknown}
 c - 2 potions of curing {@q1}
 k - a potion of haste {unknown}
 l - a potion of mutation {unknown}
 m - a potion of attraction {unknown}
 n - a potion of lignification {unknown}


   Skills:
 + Level 4.9 Fighting
 + Level 2.2 Dodging
 + Level 3.7 Stealth
 * Level 7.1 Unarmed Combat
 - Level 3.0 Spellcasting
 + Level 6.3 Transmutations
 - Level 3.0 Air Magic
 + Level 1.5 Poison Magic


You had 4 spell levels left.
You knew the following spells:

 Your Spells              Type           Power      Damage    Failure   Level
a - Beastly Appendage     Tmut           44%        N/A       6%          1
b - Wereblood             Tmut           22%        N/A       8%          2
c - Spider Form           Tmut/Pois      15%        N/A       26%         3
d - Swiftness             Air            12%        N/A       34%         3

Your spell library contained the following spells:

 Spells                   Type           Power      Damage    Failure   Level
 Passwall                 Tmut/Erth      10%        N/A       21%         2
 Apportation              Tloc           4%         N/A       38%         1
 Slow                     Hex            8%         N/A       38%         1
 Ensorcelled Hibernation  Hex/Ice        4%         N/A       50%         2
 Ice Form                 Ice/Tmut       12%        N/A       67%         4
 Confusing Touch          Hex            2%         N/A       71%         3
 Vampiric Draining        Necr           2%         2d6       71%         3
 Alistair's Intoxication  Tmut/Pois      10%        N/A       87%         5


Dungeon Overview and Level Annotations

Branches:
Dungeon (6/15)
 Temple: D:4-7

Altars:

Shops:
D:1 (


Innate Abilities, Weirdness & Mutations

You are a venomous arachnid creature.
You have poisonous fangs.
You are tiny and dextrous.
Your spellcasting is less reliable in this form.
Your armour is entirely melded.
You are incapable of wielding weapons or throwing items.
((You can breathe wild blasts of lightning.))
((Your glossy black scales are hard. (AC +6)))
You cannot fit into any form of body armour.
((You are resistant to electric shocks. (rElec)))
((You are cold-blooded and may be slowed by cold attacks.))


Message History

The orc warrior closely misses you.
Your transformation is almost over.
The centaur wields a +0 shortbow.
The centaur shoots an arrow.
The arrow misses you.
The centaur shoots an arrow.
You barely miss the orc warrior. The orc warrior closely misses you.
The centaur shoots an arrow.
The arrow closely misses you.
The centaur shoots an arrow.
The arrow hits you.
You hit the orc warrior but do no damage.
The orc warrior looks as sick as possible!
The orc warrior completely misses you.
You hit the orc warrior.
The orc warrior looks as sick as possible!
The orc warrior barely misses you.
You hit the orc warrior but do no damage.
The orc warrior looks as sick as possible!
You kill the orc warrior!
Your Unarmed Combat skill increases to level 7!
You closely miss something.
The centaur shoots an arrow.
The arrow completely misses you.
You hear some strange, mumbled words.
You are confused.
You bump into the rock wall.
You hear some strange, mumbled words.
Something tries to affect you, but you resist.
You closely miss something.
Your transformation has ended.
The centaur shoots an arrow.
The arrow hits you but does no damage.
A magic dart appears from out of thin air!
The magic dart hits something!
You hear some strange, mumbled words.
Something tries to affect you, but you resist.
The centaur shoots an arrow.
The arrow misses you.
You bump into the rock wall.
The centaur shoots an arrow.
Reactivating autopickup.
You bump into the rock wall.
The centaur shoots an arrow.
You bump into the rock wall.
You feel less confused. Something hits you but does no damage.
Deactivating autopickup; reactivate with Ctrl-A.
The centaur shoots an arrow.
The arrow misses you.
A magic dart appears from out of thin air!
The magic dart hits you.
The centaur shoots an arrow.
The arrow hits you!
Activating: Breathe Lightning (4% risk of failure)
You breathe a wild blast of lightning!
You hear a mighty clap of thunder! x2
The orb of electricity explodes!
An orc wizard appears from thin air!
Reactivating autopickup.
The orc wizard points at you and mumbles some strange words.
The puff of flame hits you.
* * * LOW HITPOINT WARNING * * *
The orc wizard barely misses you.
You punch the orc wizard!
You kill the orc wizard!
The centaur shoots an arrow.
The arrow hits you.
* * * LOW HITPOINT WARNING * * *
You hit the iguana.
You tail-slap the iguana, but do no damage.
The iguana bites you!
* * * LOW HITPOINT WARNING * * *
You hit the iguana but do no damage.
Your tail-slap misses the iguana.
The iguana barely misses you.
You barely miss the iguana.
The iguana bites you but does no damage.
You turn into a venomous arachnid creature.
The iguana closely misses you.
You bite the iguana! The iguana completely misses you.
You hit the iguana.
You kill the iguana!
The centaur shoots an arrow.
The arrow hits you!
* * * LOW HITPOINT WARNING * * *
The centaur shoots an arrow.
The arrow closely misses you.
The centaur unwields a +0 shortbow.
The centaur closely misses you. The centaur misses you.
Things that are here:
a +1 dagger of electrocution; a +0 robe You completely miss the centaur.
The centaur completely misses you.
The centaur kicks you but does no damage.
You hit the centaur.
The centaur is poisoned.
The centaur misses you. x2
The centaur closely misses you. x2
You hit the centaur but do no damage.
The centaur looks as sick as possible!
The centaur misses you. The centaur kicks you.
* * * LOW HITPOINT WARNING * * *
You hit the centaur but do no damage.
The centaur looks as sick as possible!
The centaur hits you.
* * * LOW HITPOINT WARNING * * *
The centaur closely misses you.
You bite the centaur!
The centaur looks as sick as possible!
The centaur completely misses you. The centaur closely misses you.
The centaur misses you. The centaur closely misses you.
You hit the centaur but do no damage.
The centaur looks as sick as possible!
The centaur hits you but does no damage.
The centaur closely misses you.
You bite the centaur!
You kill the centaur!
You start resting.
Your transformation is almost over.
You have got your breath back.
You start resting.
You start resting.
Your transformation has ended.
You start resting.
A sky beast comes into view.
The sky beast flickers out of sight!
Deactivating autopickup; reactivate with Ctrl-A.
Things that are here:
a +1 dagger of electrocution; a +0 robe You turn into a venomous arachnid creature.
You miss something. Something hits you.
* * * LOW HITPOINT WARNING * * *
Something shocks you.
* * * LOW HITPOINT WARNING * * *
You miss something. Something hits you.
* * * LOW HITPOINT WARNING * * *
Something shocks you.
* * * LOW HITPOINT WARNING * * *
You miss something. Something hits you but does no damage.
You barely miss something. Something hits you.
* * * LOW HITPOINT WARNING * * *
Something shocks you.
* * * LOW HITPOINT WARNING * * *
Your transformation is almost over.
Your transformation has ended.
Things that are here:
a +0 club; a +0 ring mail
Found a spear.
A sky beast appears from thin air!
Reactivating autopickup.
The sky beast flickers out of sight!
Deactivating autopickup; reactivate with Ctrl-A.
Something hits you.
* * * LOW HITPOINT WARNING * * *
Something shocks you. You resist.
* * * LOW HITPOINT WARNING * * *
There is a stone staircase leading up here.
Something hits you.
* * * LOW HITPOINT WARNING * * *
Something shocks you. You resist.
* * * LOW HITPOINT WARNING * * *
You climb upwards.
Reactivating autopickup.
There is a stone staircase leading down here.
Something hits you but does no damage.
Deactivating autopickup; reactivate with Ctrl-A.
A sky beast appears from thin air!
Reactivating autopickup.
A sky beast is nearby!
You turn into a venomous arachnid creature.
The sky beast hits you.
* * * LOW HITPOINT WARNING * * *
The sky beast shocks you.
You die...

#.###...### #.....<.#..#
###.. #.# #####
#.#####.#..# ### #.# #.#
#.#..# #.# #)# #.# #....#
#.# #)# #######.# #.##.#
#.# #.# #.......#####.##.#
#.# ###.#
#.#####.......##.# #.#
....#####.# #####.#.###.#
#.. ........#.#
#..sY......># ###
###.###.#.####.##....##..#
....#..........(.........#
####
###.........#####....##.##
#...
###.#............#.##.#
#.## #.#.#.#######..#.##.#
#.#
###.#.#....[?......##.#
#.#
#...#......)###..####.#
#.# # #.###.#####[# #..#
#.# #.#


You could see a sky beast.

Vanquished Creatures
  Pikel (D:3)
  Menkaure (D:4)
  A water moccasin (D:6)
  A black bear (D:5)
  An orc warrior (D:6)
  A necrophage (D:6)
  A centaur (D:6)
  A phantom (D:4)
  2 scorpions
  A wyvern skeleton (D:5)
  A gnoll shaman (D:5)
  3 orc priests
  3 centaur skeletons
  4 iguanas
  7 orc wizards
  A hound skeleton (D:4)
  5 gnolls
  An adder (D:4)
  2 shadow imps (D:5)
  A white imp (D:5)
  An ufetubus (D:4)
  4 worms
  3 dart slugs
  11 orcs
  A ball python (D:4)
  7 bats
  4 endoplasms
  3 giant cockroaches
  2 goblins (D:4)
  4 hobgoblins
  7 jackals
  2 quokkas (D:4)
  5 frilled lizards
  9 kobolds
  4 rats
106 creatures vanquished.

Vanquished Creatures (others)
  An orc wizard (D:6)
1 creature vanquished.

Grand Total: 107 creatures vanquished

Notes
Turn   | Place    | Note
-------+----------+-------------------------------------------
     0 | D:1      | CryoSword the Draconian Transmuter began the quest for the
                  | Orb.
     0 | D:1      | Reached XP level 1. HP: 16/16 MP: 3/3
   363 | D:1      | Found Wuusecom's Antique Weapon Shop.
   415 | D:1      | Reached XP level 2. HP: 19/23 MP: 3/5
  1416 | D:2      | Reached XP level 3. HP: 28/29 MP: 4/6
  1424 | D:2      | Learned a level 2 spell: Wereblood
  1428 | D:2      | Learned a level 3 spell: Spider Form
  2055 | D:3      | Identified the +4 pair of gloves of Lightning Storm {rF-
                  | Str+8 Dex-5 SInv}
  2349 | D:3      | Found a faded altar of an unknown god.
  2539 | D:4      | Reached XP level 4. HP: 26/36 MP: 7/7
  2780 | D:4      | Noticed Pikel
  2780 | D:4      | Noticed a lemure
  2780 | D:4      | Noticed a lemure
  2780 | D:4      | Noticed a lemure
  2780 | D:4      | Noticed a lemure
  3102 | D:3      | Killed Pikel
  3103 | D:3      | Reached skill level 5 in Unarmed Combat
  3103 | D:3      | Reached XP level 5. HP: 3/45 MP: 8/8
  3103 | D:3      | Reached XP level 6. HP: 4/51 MP: 9/9
  3103 | D:3      | Your scales start taking on a glossy black colour.
  3103 | D:3      | Reached XP level 7. HP: 4/57 MP: 10/10
  3103 | D:3      | Gained mutation: You are resistant to electric shocks.
                  | (rElec) [Black Draconian growth]
  3109 | D:3      | Learned a level 3 spell: Swiftness
  3629 | D:4      | Reached skill level 5 in Transmutations
  3684 | D:4      | Noticed Menkaure
  3805 | D:4      | Reached skill level 1 in Air Magic
  4063 | D:4      | Killed Menkaure
  4379 | D:5      | Entered Level 5 of the Dungeon
  4396 | D:5      | Reached skill level 6 in Unarmed Combat
  4560 | D:5      | Reached XP level 8. HP: 57/66 MP: 11/11
  6721 | D:6      | Reached skill level 1 in Poison Magic
  6802 | D:6      | Reached skill level 7 in Unarmed Combat
  6963 | D:5      | Slain by a sky beast

Illustrated notes

Levels and vault maps discovered:
D:1:      dpeg_arrival_stone_temple_mockup, layout_basic, serial_shops,
          nicolae_shop_statue_plus
D:2:      layout_basic
D:3:      layout_loops_cross, chequers_ecumenical_altar_simple,
          chequers_serial_rivers_micro_a
D:4:      layout_loops_ring, minmay_quadrilaterals, uniq_menkaure, uniq_pikel
D:5:      layout_loops_ring, grunt_decor_clamped
D:6:      layout_loops_corners, minmay_temple_entry_offerings,
          guppyfry_early_elven_hall

Skill      XL: |  1  2  3  4  5  6  7  8 |
---------------+-------------------------+-----
Fighting       | 2 3 4 |  4.9
Transmutations | 3 4 5 6 |  6.3
Stealth        | 2 3 |  3.7
Unarmed Combat | 5 6 7 |  7.1
Air Magic      | 1 3 |  3.0
Spellcasting   | 3 |  3.0
Dodging        | 2 |  2.2
Poison Magic   | 1 |  1.5

Action                   |  1- 3 |  4- 6 |  7- 9 || total
-------------------------+-------+-------+-------++-------
Melee: Unarmed           |   114 |    19 |   206 ||   339
       Kick              |    21 |     2 |    41 ||    64
       Headbutt          |    10 |     2 |    18 ||    30
       Tailslap          |    10 |       |    23 ||    33
       Punch             |     1 |       |     6 ||     7
Throw: Dart              |       |     2 |       ||     2
 Cast: Beastly Appendage |    37 |     1 |    25 ||    63
       Spider Form       |       |     1 |     6 ||     7
 Abil: Breathe Lightning |       |       |     7 ||     7
  Use: Scroll            |       |     1 |     2 ||     3
       Potion            |       |     1 |       ||     1
 Stab: Sleeping          |     1 |       |     1 ||     2
       Distracted        |       |       |     1 ||     1
Armor: Skin              |    31 |     2 |    50 ||    83
Dodge: Dodged            |    84 |    11 |   144 ||   239
